 Dungeon Crawl Stone Soup version 0.30-a0-365-ge7f957f1db (webtiles) character file.

Game seed: 1170285068145492286

5625 zishaf the Zephyrmancer (level 10, -5/68 HPs)
             Began as a Tengu Air Elementalist on Nov 16, 2022.
             Was a Priest of Ashenzari.
             Slain by a troll (11 damage)
             ... on level 9 of the Dungeon.
             The game lasted 00:20:52 (8850 turns).

zishaf the Zephyrmancer (Tengu Air Elementalist)    Turns: 8850, Time: 00:20:53

Health: -5/68      AC:  5    Str:  6    XL:     10   Next: 73%
Magic:  21/27      EV: 15    Int: 20    God:    Ashenzari [***...]
Gold:   102        SH:  5    Dex: 15    Spells: 3/19 levels left

rFire   . . .      SeeInvis +    e - +9 staff of Wucad Mu {*channel, Self, Evo} (curse)
rCold   + + +      Faith    .    t - +0 buckler "Lashed Together" {Melee, Bglg} (curse)
rNeg    . . .      Spirit   .    a - +0 robe of the Tethered Sky {Melee, Cun} (curse)
rPois   .          Reflect  .    r - +2 hat "Carudooc" {rC++ Slay+2}
rElec   .          Harm     .    q - +0 cloak {rCorr}
rCorr   +          Rampage  .    (no gloves)
Will    .....      Clarity  +    (boots unavailable)
Stlth   +++.......               z - amulet of Tepughick {Acrobat +Blink rC+++ Regen+ Str-2}
HPRegen 1.11/turn                w - ring "Prescient Awkwardness" {Wiz, Self, Cun} (curse)
MPRegen 0.20/turn                s - ring "Vision of Ashenzari" {MP+9, Elem, Self} (curse)

@: flying quickly and evasively, quick
A: beak, talons 3, nimble flight
a: Renounce Religion, Evoke Blink, Curse Item, Shatter the Chains


You were on level 9 of the Dungeon.
You worshipped Ashenzari.
Ashenzari was most pleased with you.
You visited 1 branch of the dungeon, and saw 9 of its levels.

You collected 453 gold pieces.
You spent 351 gold pieces at shops.

Inventory:

Hand Weapons
 e - the cursed +9 staff of Wucad Mu (weapon) {*channel, Self, Evo}
   (You acquired it on level 4 of the Dungeon)

   It occasionally powers its wielder's spells, but with a chance of causing
   confusion or draining the wielder's intelligence.
   It becomes more likely to activate and less likely to backfire with increased
   Evocations skill.
   It has a curse which improves the following skills: Introspection: Fighting
   and Spellcasting.
   Evocations: Evocations.
Missiles
 y - a throwing net
Armour
 a - the cursed +0 robe of the Tethered Sky (worn) {Melee, Cun}

   It has a curse which improves the following skills: Melee Combat: Short
   Blades, Long Blades, Axes, Maces & Flails, Polearms, Staves and Unarmed
   Combat.
   Cunning:   Dodging and Stealth.
 q - a +0 cloak of preservation (worn)
 r - the +2 hat "Carudooc" (worn) {rC++ Slay+2}
   (You acquired it on level 6 of the Dungeon)

   Slay:      It affects your accuracy & damage with ranged weapons and melee
   (+2).
   rC:        It greatly protects you from cold.
 t - the cursed +0 buckler "Lashed Together" (worn) {Melee, Bglg}
   (You found it on level 2 of the Dungeon)

   It has a curse which improves the following skills: Melee Combat: Short
   Blades, Long Blades, Axes, Maces & Flails, Polearms, Staves and Unarmed
   Combat.
   Beguiling: Conjurations, Hexes and Translocations.
Jewellery
 l - a ring of fire
 s - the cursed ring "Vision of Ashenzari" (right hand) {MP+9, Elem, Self}
   (You found it on level 2 of the Dungeon)

   [ring of magical power]

   MP:        It affects your magic capacity (+9).
   It has a curse which improves the following skills: Elements: Fire Magic, Ice
   Magic, Air Magic and Earth Magic.
   Introspection: Fighting and Spellcasting.
 w - the cursed ring "Prescient Awkwardness" (left hand) {Wiz, Self, Cun}
   (You found it on level 5 of the Dungeon)

   [ring of wizardry]

   It improves your spell success rate.
   It has a curse which improves the following skills: Introspection: Fighting
   and Spellcasting.
   Cunning:   Dodging and Stealth.
 x - the ring "Bylaff" {AC+4 Slay+4}
   (You acquired it on level 6 of the Dungeon)

   [ring of protection]

   AC:        It affects your AC (+4).
   Slay:      It affects your accuracy & damage with ranged weapons and melee
   (+4).
 z - the amulet of Tepughick (around neck) {Acrobat +Blink rC+++ Regen+ Str-2}
   (You acquired it on level 6 of the Dungeon)

   [amulet of the acrobat]

   It increases your evasion while moving and waiting.
   Str:       It affects your strength (-2).
   rC:        It renders you almost immune to cold.
   +Blink:    It lets you blink.
   Regen:     It increases your rate of health regeneration.
 D - a +4 ring of protection
Wands
 g - a wand of mindburst (18)
 B - a wand of roots (10)
Scrolls
 d - a scroll of teleportation
 i - 2 scrolls of fear
 j - 3 scrolls of immolation
 k - a scroll of magic mapping
 m - 2 scrolls of silence
 n - 2 scrolls of amnesia
 A - a scroll of enchant weapon
 E - a scroll of enchant armour
Potions
 b - 2 potions of magic
 c - 2 potions of might
 f - 2 potions of heal wounds
 h - a potion of resistance
 o - 4 potions of curing
 p - a potion of cancellation
 u - 2 potions of haste
 v - 3 potions of attraction
 C - a potion of brilliance


   Skills:
 + Level 6.7(9.9) Fighting
 + Level 5.1(7.5) Staves
 - Level 2.1(4.0) Dodging
 - Level 2.0(3.8) Stealth
 - Level 4.0 Shields
 - Level 2.5(5.1) Spellcasting
 + Level 9.2(10.9) Conjurations
 - Level 2.0 Necromancy
 - Level 3.7(5.2) Fire Magic
 + Level 9.7(11.3) Air Magic
 + Level 6.4(8.1) Evocations


You had 3 spell levels left.
You knew the following spells:

 Your Spells              Type           Power      Damage    Failure   Level
a - Shock                 Conj/Air       100%       1d9       1%          1
b - Airstrike             Air            25%        2d(4-20)  1%          4
c - Flame Wave            Conj/Fire      37%        2d10      2%          4
d - Swiftness             Air            50%        N/A       1%          3
A - Static Discharge      Conj/Air       98%        2-7/arc   1%          2
B - Sublimation of Blood  Necr           13%        N/A       4%          2

Your spell library contained the following spells:

 Spells                   Type           Power      Damage    Failure   Level
 Kiss of Death            Conj/Necr      100%       2d13      1%          1
 Summon Small Mammal      Summ           20%        N/A       6%          1
 Inner Flame              Hex/Fire       15%        N/A       6%          3
 Wereblood                Tmut           5%         N/A       9%          2
 Ignite Poison            Fire/Tmut/Pois 12%        N/A       9%          3
 Confusing Touch          Hex            5%         N/A       16%         3
 Summon Guardian Golem    Hex/Summ       5%         N/A       16%         3
 Call Canine Familiar     Summ           5%         N/A       17%         3
 Sticky Flame             Conj/Fire      37%        2d6       2%          4
 Dispel Undead            Necr           13%        3d9       26%         4
 Summon Forest            Summ/Tloc      2%         N/A       80%         5
 Summon Mana Viper        Hex/Summ       5%         N/A       80%         5
 Summon Cactus Giant      Summ           2%         N/A       100%        6
 Summon Hydra             Summ           2%         N/A       100%        7
 Ignition                 Fire           12%        3d6       100%        8


Dungeon Overview and Level Annotations

Branches:
Dungeon (9/15)             Temple (0/1) D:5
   Lair: D:8-11         Orc: D:9-12

Altars:
Ashenzari
Dithmenos
Makhleb
Trog
Vehumet
Wu Jian

Shops:
D:5 [(   D:8 *   D:9 (?(!

Annotations:
D:8 dig


Innate Abilities, Weirdness & Mutations

You have a beak for a mouth.
You have claws for feet.
Your magical nature lets you fly swiftly and evasively.


Message History

Confirm with . or Enter, or press ? or * to list all spells.
The troll is struck by an arc of lightning.
The troll is lightly wounded.
You are struck by an arc of lightning.
The lightning grounds out.
The troll bites you! The troll claws you! You block the troll's attack.
Unknown command.
Casting: Static Discharge (safe; 1% risk of failure)
Confirm with . or Enter, or press ? or * to list all spells.
The troll is struck by an arc of lightning.
The troll is moderately wounded.
You are struck by an arc of lightning.
The troll is struck by an arc of lightning.
The troll is moderately wounded.
You are struck by an arc of lightning.
The troll is struck by an arc of lightning.
The troll is heavily wounded.
The lightning grounds out.
The troll bites you! You block the troll's attack. The troll barely misses you.
Casting: Static Discharge (safe; 1% risk of failure)
Confirm with . or Enter, or press ? or * to list all spells.
The troll is struck by an arc of lightning.
The troll is heavily wounded.
You are struck by an arc of lightning.
* * * LOW HITPOINT WARNING * * *
The lightning grounds out.
Magical energy flows into your mind! The troll closely misses you.
The troll claws you.
* * * LOW HITPOINT WARNING * * *
You block the troll's attack.
A kobold brigand comes into view.
It is wielding a +0 whip and quivering poisoned darts.
Casting: Static Discharge (safe; 1% risk of failure)
Confirm with . or Enter, or press ? or * to list all spells.
The troll is struck by an arc of lightning!
The troll is severely wounded.
You are struck by an arc of lightning.
* * * LOW HITPOINT WARNING * * *
The lightning grounds out.
Magical energy flows into your mind! The troll bites you.
* * * LOW HITPOINT WARNING * * *
The troll claws you!
You die...

* * ,,..#♣., #.#K#.#
* #.#.# * #.#.#.#
#.#.# ,, ......
#.#.#{ ###.... *
#.#.# #....., ,
#...#. #.#.. * ,
#...#. #.#T# ** *
#...#. #.#@#, #.#.#.
#...#, ,,*, #.#.#.
#..## *,* ###.#.#.
#..#####.#.##...#.#'
#..........##.#.#♣O.
##..#########.#.#♣♣.
#..# #.#.#### #..#
###.#.....
#..#######.....####


You could see a troll and a kobold brigand.

Vanquished Creatures
  A centaur warrior (D:9)
  2 two-headed ogres (D:9)
  A troll (D:9)
  2 hornets (D:9)
  A shadow (D:9)
  A water moccasin (D:8)
  An acid dragon (D:9)
  An orc warrior (D:7)
  3 ice beasts
  2 sky beasts
  2 black bears
  An ogre (D:5)
  A centaur (D:5)
  A kobold brigand (D:8)
  2 gnoll sergeants
  4 bullfrogs
  8 scorpions
  4 wights (D:7)
  5 killer bees (D:7)
  2 howler monkeys (D:9)
  A crimson imp (D:4)
  2 hounds
  2 jellies (D:5)
  2 gnoll boudas
  An orc priest (D:7)
  Crazy Yiuf (D:7)
  Natasha (D:4)
  2 orc wizards (D:7)
  12 gnolls
  An adder (D:5)
  4 worms
  2 dart slugs
  18 orcs
  2 bats
  9 endoplasms
  5 giant cockroaches
  4 goblins
  7 hobgoblins
  2 jackals (D:4)
  13 kobolds
  2 quokkas
  3 ball pythons
  3 frilled lizards
  4 rats
148 creatures vanquished.

Vanquished Creatures (others)
  8 plants (D:9)
8 creatures vanquished.

Grand Total: 156 creatures vanquished

Notes
Turn   | Place    | Note
-------+----------+-------------------------------------------
     0 | D:1      | zishaf the Tengu Air Elementalist began the quest for the
                  | Orb.
     0 | D:1      | Reached XP level 1. HP: 10/10 MP: 4/4
   221 | D:1      | Reached XP level 2. HP: 16/16 MP: 3/6
   399 | D:1      | Learned a level 2 spell: Static Discharge
   402 | D:1      | Learned a level 2 spell: Sublimation of Blood
   698 | D:1      | Reached skill level 1 in Fighting
   983 | D:1      | Reached XP level 3. HP: 20/20 MP: 4/7
  2342 | D:3      | Found a broken altar of Ashenzari.
  2353 | D:3      | Became a worshipper of Ashenzari the Shackled
  2833 | D:4      | Identified a scroll of acquirement
  2833 | D:4      | Acquired the +9 staff of Wucad Mu {*channel}
  2833 | D:4      | Found the +9 staff of Wucad Mu {*channel}
  2851 | D:4      | Reached XP level 4. HP: 25/25 MP: 8/8
  2982 | D:4      | Noticed a scorpion
  2990 | D:4      | Killed a scorpion
  2991 | D:4      | Reached skill level 1 in Necromancy
  2991 | D:4      | Gained mutation: Your magical nature lets you fly swiftly
                  | and evasively. [Tengu growth]
  2991 | D:4      | Reached XP level 5. HP: 16/30 MP: 10/10
  3155 | D:4      | Reached skill level 1 in Shields
  3155 | D:4      | Reached skill level 1 in Evocations
  3446 | D:4      | Found a burning altar of Makhleb.
  3446 | D:4      | Found a radiant altar of Vehumet.
  3461 | D:4      | Reached XP level 6. HP: 36/36 MP: 8/11
  3603 | D:4      | Reached * piety under Ashenzari
  3676 | D:4      | Noticed an ice beast
  3688 | D:4      | Killed an ice beast
  3689 | D:4      | Reached skill level 5 in Air Magic
  3868 | D:4      | Noticed Natasha
  3874 | D:4      | Killed Natasha
  4019 | D:5      | Entered Level 5 of the Dungeon
  4034 | D:5      | Found Fefukolu's Armour Boutique.
  4044 | D:5      | Bought a +0 cloak of preservation for 149 gold pieces
  4067 | D:5      | Noticed a black bear
  4072 | D:5      | Killed a black bear
  4097 | D:5      | Found Vocyaffifua's Weapon Shoppe.
  4115 | D:5      | Found a staircase to the Ecumenical Temple.
  4123 | D:5      | Reached XP level 7. HP: 42/42 MP: 13/13
  4257 | D:5      | Found a bloodstained altar of Trog.
  4336 | D:5      | Learned a level 4 spell: Airstrike
  4444 | D:5      | Reached ** piety under Ashenzari
  4759 | D:6      | Reached skill level 5 in Conjurations
  4865 | D:6      | Acquired the amulet of Tepughick {Acrobat +Blink rC+++
                  | Regen+ Str-2}
  4879 | D:6      | Acquired the +2 hat "Carudooc" {rC++ Slay+2}
  4886 | D:6      | Acquired the ring "Bylaff" {AC+4 Slay+4}
  4903 | D:6      | Reached XP level 8. HP: 51/51 MP: 15/15
  5270 | D:6      | Reached *** piety under Ashenzari
  5528 | D:6      | Found an ornate altar of the Wu Jian Council.
  5697 | D:7      | Reached XP level 9. HP: 57/58 MP: 15/17
  5707 | D:7      | Reached skill level 1 in Staves
  5977 | D:7      | Found a runed translucent door.
  5978 | D:7      | Noticed Crazy Yiuf
  6203 | D:7      | Reached skill level 5 in Fighting
  6543 | D:7      | Learned a level 4 spell: Flame Wave
  6547 | D:7      | Learned a level 3 spell: Swiftness
  6550 | D:7      | Killed Crazy Yiuf
  6997 | D:8      | Found Boab Berr's Assorted Antiques.
  7006 | D:8      | Bought a potion of heal wounds for 120 gold pieces
  7132 | D:8      | Reached skill level 1 in Fire Magic
  7132 | D:8      | Reached skill level 5 in Evocations
  7921 | D:9      | Found Obymei's Magic Scroll Boutique.
  7953 | D:9      | Bought a scroll of enchant armour for 82 gold pieces
  7964 | D:9      | Found Cusowulo's Distillery.
  8036 | D:9      | Noticed a hornet
  8037 | D:9      | Noticed a two-headed ogre
  8049 | D:9      | Killed a hornet
  8050 | D:9      | Reached XP level 10. HP: 54/66 MP: 3/18
  8052 | D:9      | Found a shadowy altar of Dithmenos.
  8065 | D:9      | Found Kyix's Antique Weapon Emporium.
  8144 | D:9      | Killed a two-headed ogre
  8261 | D:9      | Found Urchui's Antique Weapon Emporium.
  8281 | D:9      | Noticed a two-headed ogre
  8283 | D:9      | Noticed a centaur warrior
  8558 | D:9      | Killed a centaur warrior
  8561 | D:9      | Killed a two-headed ogre
  8727 | D:9      | Noticed a two-headed ogre
  8778 | D:9      | Reached skill level 5 in Staves
  8850 | D:9      | Slain by a troll

Illustrated notes

Levels and vault maps discovered:
D:1:      dpeg_arrival_simpleton_c, layout_basic
D:2:      layout_basic
D:3:      layout_rooms, mainiacjoe_overflow_chevrons, minmay_misc_feat_square,
          kennysheep_generic_room_4
D:4:      layout_gridville, grunt_temple_overflow_lords_of_destruction,
          uniq_natasha
D:5:      layout_cave_pools, trog_butcher_becter, temple_green, serial_shops,
          shop, nicolae_shop_temple_entry_statues_fountains
D:6:      layout_basic, general_overflow_altar
D:7:      layout_loops_ring, uniq_crazy_yiuf_cottage
D:8:      old_forge, layout_layer_cave, serial_shops, nicolae_shop_crystal
D:9:      nzn_winding_woodlands_small [nzn_winding_woodlands_5x15_longhouse,
          nzn_winding_woodlands_center_garden,
          nzn_winding_woodlands_5x15_river_crossing], layout_loops_ring,
          mainiacjoe_overflow_cross_hatched, serial_shops,
          nicolae_take_the_stairs, shop, shop, nicolae_shop_statue_plus,
          nicolae_square_shop, minivault_4,
          minmay_guarded_unrand_staff_of_olgreb

Skill      XL: |  1  2  3  4  5  6  7  8  9 10 |
---------------+-------------------------------+-----
Conjurations   | 2 3 4 5 6 8 9 |  9.2
Fighting       | 1 2 3 4 5 6 |  6.7
Necromancy     | 1 2 |  2.0
Shields        | 1 2 3 4 |  4.0
Evocations     | 1 2 3 4 5 6 |  6.4
Air Magic      | 5 6 7 8 9 |  9.7
Staves         | 3 5 |  5.1
Fire Magic     | 2 3 |  3.7
Dodging        | |  2.1
Stealth        | |  2.0
Spellcasting   | |  2.5

Action                   |  1- 3 |  4- 6 |  7- 9 | 10-12 || total
-------------------------+-------+-------+-------+-------++-------
Melee: Long sword        |     5 |       |       |       ||     5
       Peck              |     1 |       |    10 |       ||    11
       Dagger            |     4 |       |       |       ||     4
       Kick              |     2 |     1 |    11 |     2 ||    16
       Staff             |       |     9 |    36 |     4 ||    49
 Cast: Shock             |   112 |    53 |   152 |    29 ||   346
       Static Discharge  |       |     9 |    38 |    13 ||    60
       Airstrike         |       |       |     5 |     2 ||     7
       Flame Wave        |       |       |     5 |       ||     5
Invok: Curse Item        |     1 |     1 |     3 |       ||     5
Evoke: Wand              |       |       |     1 |     2 ||     3
  Use: Scroll            |     6 |     1 |     3 |       ||    10
 Stab: Sleeping          |       |     1 |       |       ||     1
Armor: Robe              |     1 |     4 |    13 |     6 ||    24
Dodge: Dodged            |    10 |    16 |    79 |    29 ||   134
Block: Buckler           |     1 |     1 |    15 |    11 ||    28

Table legend: (Time is in decaauts)
 A = Elapsed time spent in this place.
 B = Non-inter-level travel time spent in this place.
 C = Inter-level travel time spent in this place.
 D = Time resting spent in this place.
 E = Time spent auto-exploring this place.
 F = Levels seen in this place.
 G = Mean time per level.
                   A        B        C        D        E       F      G
               +--------+--------+--------+--------+--------+-----+--------+
         Total |   8482 |   7898 |    584 |    157 |   6588 |   9 |  942.4 |
       Dungeon |   8482 |   7898 |    584 |    157 |   6588 |   9 |  942.4 |
               +--------+--------+--------+--------+--------+-----+--------+

Top non-repeatable levels by time:
     D:2: 1183 daAuts
     D:8: 1144 daAuts
     D:4: 1138 daAuts
     D:1: 1053 daAuts
     D:7: 1035 daAuts
     D:9: 833 daAuts
     D:6: 820 daAuts
     D:5: 685 daAuts
     D:3: 588 daAuts
